 Dungeon Crawl Stone Soup version 0.29-a0-613-gf2c431b (webtiles) character file.

Game seed: 17660342411049281755

163952 Dawnplanks the Executioner (level 17, 0/258 HPs)
             Began as a Hill Orc Berserker on June 16, 2022.
             Was a High Priest of Trog.
             Constricted to death by a nagaraja (4 damage)
             ... on level 4 of the Snake Pit.
             The game lasted 01:07:05 (26390 turns).

Dawnplanks the Executioner (Hill Orc Berserker)    Turns: 26390, Time: 01:07:07

Health: 0/258      AC: 23    Str: 28    XL:     17   Next: 84%
Magic:  17/17      EV: 18    Int: 14    God:    Trog [*****.]
Gold:   91         SH:  0    Dex: 23    Spells: 16/16 levels left

rFire   + . .      SeeInvis .   M - +7 battleaxe "Ereq" {freeze, rC+ Int+4}
rCold   + + +      Faith    .   (shield currently unavailable)
rNeg    . . .      Spirit   .   F - +4 scale mail
rPois   +          Reflect  .   B - +1 helmet {Int+3}
rElec   +          Harm     .   H - +1 cloak of Starlight {*Dazzle EV+4 Stlth--}
rCorr   .          Rampage  .   C - +1 pair of gloves
Will    +....                   v - +0 pair of boots
Stlth   ..........              q - amulet of regeneration
HPRegen 1.33/turn               G - ring "Tizxutuo" {rElec rF+ rC+ Dex+6}
MPRegen 0.15/turn               r - ring "Dis Zaast" {rPois rC+ Dex+7}

@: berserking, lethally poisoned (0 -> -6), weakened, constricted, studying
Unarmed Combat, very quick
A: no striking features
a: Renounce Religion, Berserk, Trog's Hand, Brothers in Arms


You were on level 4 of the Snake Pit.
You worshipped Trog.
Trog was extremely pleased with you.
You visited 5 branches of the dungeon, and saw 28 of its levels.
You also visited: Bailey, Gauntlet and Volcano.

You collected 2041 gold pieces.
You spent 1950 gold pieces at shops.

Inventory:

Hand Weapons
 a - the +11 morningstar of Makhleb's Favour {elec, rF++}
   (You found it on level 13 of the Dungeon)

   It occasionally discharges a powerful burst of electricity upon striking a
   foe.
   rF:        It greatly protects you from fire.
 A - a +0 vorpal executioner's axe
 M - the +7 battleaxe "Ereq" (weapon) {freeze, rC+ Int+4}
   (You acquired it on level 10 of the Dungeon)

   It freezes those it strikes, dealing additional cold damage.
   It can also slow down cold-blooded creatures.
   Int:       It affects your intelligence (+4).
   rC:        It protects you from cold.
Missiles
 o - 20 boomerangs (quivered)
Armour
 v - a +0 pair of boots (worn)
 B - a +1 helmet of intelligence (worn)
 C - a +1 pair of gloves (worn)
 F - a +4 scale mail (worn)
 H - the +1 cloak of Starlight (worn) {*Dazzle EV+4 Stlth--}
   (You bought it in a shop on level 1 of the Snake Pit)

   It may blind those who miss an attack against the wearer in melee combat.
   EV:        It affects your evasion (+4).
   Stlth:     It makes you much less stealthy.
 J - a +1 cloak of preservation
 L - the +1 acid dragon scales of Gallantry {Harm rPois rCorr Int+4 Stlth+}
   (You took it off a minotaur in a Gauntlet)

   Int:       It affects your intelligence (+4).
   rPois:     It protects you from poison.
   rCorr:     It protects you from acid and corrosion.
   Harm:      It increases damage dealt and taken.
   Stlth:     It makes you more stealthy.
 X - the +0 helmet of the Fife {rC+}
   (You found it in a Gauntlet)

   rC:        It protects you from cold.
Jewellery
 d - a +4 ring of protection
 q - an amulet of regeneration (around neck)
 r - the ring "Dis Zaast" (right hand) {rPois rC+ Dex+7}
   (You bought it in a shop on level 2 of the Orcish Mines)

   [ring of poison resistance]

   Dex:       It affects your dexterity (+7).
   rC:        It protects you from cold.
   rPois:     It protects you from poison.
 w - the ring "Nilegrix" {rPois Int+6}
   (You took it off a minotaur in a Gauntlet)

   [ring of poison resistance]

   Int:       It affects your intelligence (+6).
   rPois:     It protects you from poison.
 G - the ring "Tizxutuo" (left hand) {rElec rF+ rC+ Dex+6}
   (You found it in a Gauntlet)

   [ring of dexterity]

   Dex:       It affects your dexterity (+6).
   rF:        It protects you from fire.
   rC:        It protects you from cold.
   rElec:     It insulates you from electricity.
 K - a ring of ice
 R - a ring of resist corrosion
 Z - a ring of flight
Wands
 I - a wand of light (18)
 O - a wand of polymorph (2)
 P - a wand of digging (11)
 T - a wand of charming (12)
Scrolls
 b - 3 scrolls of summoning
 c - 10 scrolls of teleportation
 h - 4 scrolls of enchant weapon
 i - 3 scrolls of noise
 k - 2 scrolls of blinking
 p - 6 scrolls of enchant armour
 s - 7 scrolls of immolation
 y - a scroll of silence
 D - 4 scrolls of vulnerability
 E - 3 scrolls of fear
 S - a scroll of magic mapping
 U - a scroll of brand weapon
 V - 3 scrolls of fog
Potions
 e - 4 potions of attraction
 f - a potion of brilliance
 g - 5 potions of magic
 j - 7 potions of flight
 l - 5 potions of invisibility
 m - 12 potions of heal wounds
 n - 5 potions of berserk rage
 t - 8 potions of haste
 u - 2 potions of mutation
 x - 2 potions of might
 z - 9 potions of resistance
 N - 2 potions of cancellation
 W - a potion of ambrosia
 Y - 9 potions of curing
Miscellaneous
 Q - a box of beasts


   Skills:
 + Level 20.6 Fighting
 + Level 26.6 Axes
 + Level 13.6 Armour
 + Level 9.0 Dodging


You had 16 spell levels left.
You didn't know any spells.
Your spell library contained the following spells:

 Spells                   Type           Power      Damage    Failure   Level
 Apportation              Tloc           0%         N/A       45%         1
 Necrotize                Necr           0%         1d4       45%         1
 Sandblast                Erth           0%         2d4       45%         1
 Slow                     Hex            0%         N/A       45%         1
 Summon Small Mammal      Summ           0%         N/A       45%         1
 Blink                    Tloc           0%         N/A       61%         2
 Ensorcelled Hibernation  Hex/Ice        0%         N/A       61%         2
 Static Discharge         Conj/Air       0%         N/A       61%         2
 Sublimation of Blood     Necr           0%         N/A       61%         2
 Wereblood                Tmut           0%         N/A       61%         2
 Confusing Touch          Hex            0%         N/A       83%         3
 Ignite Poison            Fire/Tmut/Pois 0%         N/A       83%         3
 Inner Flame              Hex/Fire       0%         N/A       83%         3
 Mephitic Cloud           Conj/Pois/Air  0%         N/A       83%         3
 Portal Projectile        Hex/Tloc       0%         N/A       83%         3
 Spider Form              Tmut/Pois      0%         N/A       83%         3
 Vampiric Draining        Necr           0%         2d6       83%         3
 Anguish                  Hex/Necr       0%         N/A       99%         4
 Cause Fear               Hex            0%         N/A       99%         4
 Dispel Undead            Necr           0%         3d6       99%         4
 Olgreb's Toxic Radiance  Pois           0%         N/A       99%         4
 Sticky Flame             Conj/Fire      0%         2d3       99%         4
 Agony                    Necr           0%         N/A       100%        5
 Blade Hands              Tmut           0%         N/A       100%        5
 Freezing Cloud           Conj/Ice/Air   0%         6-21      100%        5
 Lightning Bolt           Conj/Air       0%         1d11      100%        5
 Manifold Assault         Tloc           0%         N/A       100%        5
 Summon Forest            Summ/Tloc      0%         N/A       100%        5
 Yara's Violent Unravell  Hex/Tmut       0%         3d3       100%        5
 Eringya's Noxious Bog    Tmut/Pois      0%         N/A       100%        6
 Enfeeble                 Hex            0%         N/A       100%        7
 Ozocubu's Refrigeration  Ice            0%         4d5       100%        7
 Storm Form               Tmut/Air       0%         N/A       100%        7
 Summon Hydra             Summ           0%         N/A       100%        7
 Discord                  Hex            0%         N/A       100%        8
 Ignition                 Fire           0%         3d3       100%        8
 Maxwell's Capacitive Co  Air            0%         ∞         100%        8


Dungeon Overview and Level Annotations

Branches:
Dungeon (15/15)            Temple (1/1) D:4            Lair (6/6) D:10
 Shoals (0/4) Lair:4        Snake (4/4) Lair:2        Slime (0/5) Lair:6
    Orc (2/2) D:11            Elf (0/3) Orc:2        Vaults (0/5) D:13
 Depths (0/4) D:15         Bailey (visited)         Volcano (visited)
Gauntlet (visited)

Altars:
Gozag
Hepliaklqana
Sif Muna
Beogh

Shops:
D:1 *   D:15 ?   Orc:2 (*((   Snake:1 =[*(=*[   Snake:2 ((=(([[([   Snake:3 =:=


Message History

You are poisoned.
You partially resist.
* * * LOW HITPOINT WARNING * * *
The nagaraja hits you with a +0 spear.
* * * LOW HITPOINT WARNING * * *
The nagaraja constricts you.
* * * LOW HITPOINT WARNING * * *
The nagaraja misses you. The nagaraja hits you with a +0 spear!
* * * LOW HITPOINT WARNING * * *
The nagaraja constricts you.
You slash the nagaraja! You freeze the nagaraja.
The nagaraja is severely wounded.
You hit the nagaraja. You freeze the nagaraja.
You feel sick.
You slice the nagaraja!! You freeze the nagaraja.
You kill the nagaraja!
Trog accepts your kill.
Trog appreciates your killing of a magic user.
You hit the nagaraja but do no damage.
You feel sick. The nagaraja hits you with a +0 club.
* * * LOW HITPOINT WARNING * * *
The nagaraja grabs you. The nagaraja constricts you.
* * * LOW HITPOINT WARNING * * *
Your Dodging skill increases to level 9!
You slash the nagaraja! You freeze the nagaraja!
The nagaraja is almost dead.
You feel sick.
The nagaraja gestures at you while chanting.
The poison arrow hits you.
You are lethally poisoned!
You partially resist.
* * * LOW HITPOINT WARNING * * *
The nagaraja constricts you.
You hit the nagaraja. You freeze the nagaraja.
The nagaraja is almost dead.
* * * LOW HITPOINT WARNING * * *
You feel sick. The nagaraja spits poison at you.
The splash of poison hits you but does no damage.
You resist. The nagaraja constricts you.
You die...

##...### #.#########
#.(...######.#
#.....#......########
#.....#...#...##....#
#.....#...#...##....#
##....#...#.........#
##....#'..##........#
#...)..#N.#.........#
#......#.@#.......###
#......#.)#.O...##.###..#
#....).#..#'.....###.#..#
#...)).##..#######...#..#
###....).#...)S........#..#
#.##.....#.......N.....+..##
#.......###............#...S
##......#.........#...'#$.N§
#......#...##....##..#.NS#


You could see a nagaraja (fast, catching breath).

Vanquished Creatures
  Rupert (D:12)
  3 nagarajas (Snake:4)
  The ghost of SuisLittleHoshiymin the Cruncher, a journeyman HuMo of the Shining One (Lair:6)
  Nessos (D:12)
  A minotaur (Gauntlet)
  An ettin (D:15)
  3 fire dragons
  Josephine (D:12)
  A vault guard (D:13)
  10 hydras
  4 two-headed ogres
  Erolcha (D:13)
  2 boulder beetles
  3 catoblepae
  3 centaur warriors
  A salamander tyrant (Snake:4)
  Erica (Lair:2)
  6 anacondas
  4 death yaks
  2 tengu warriors
  12 naga warriors
  7 naga sharpshooters
  3 orc high priests (Orc:2)
  7 shock serpents
  Amaemon (Lair:3)
  3 skeletal warriors (D:14)
  3 deep trolls (D:15)
  3 salamander mystics
  2 sea snakes (Snake:2)
  5 naga ritualists
  2 wizards (D:15)
  2 necromancers (D:13)
  5 orc knights
  4 lindwurms
  11 ugly things
  9 cyclopes
  9 mana vipers
  A wolf spider (D:13)
  An oklob plant (Lair:6)
  3 manticores
  3 orc sorcerers (Orc:2)
  6 elephants
  10 salamanders
  6 guardian serpents
  12 naga magi
  Maurice (Orc:2)
  2 merfolk sirens (Lair:4)
  An orange demon (Lair:3)
  2 smoke demons (Volcano)
  A torpor snail (Gauntlet)
  39 black mambas
  9 cane toads
  3 molten gargoyles (Lair:6)
  An eye of devastation (shapeshifter) (D:14)
  A rime drake (shapeshifter) (Gauntlet)
  3 rime drakes
  A kobold demonologist (D:12)
  4 gargoyles
  6 komodo dragons
  2 tengu conjurers
  2 efreet (D:14)
  A polar bear (Lair:2)
  4 trolls
  3 hornets (Gauntlet)
  2 merfolk (Lair:4)
  27 slime creatures
  A snapping turtle (shapeshifter) (D:13)
  A tarantella (shapeshifter) (D:15)
  12 blink frogs
  A spriggan (shapeshifter) (Gauntlet)
  A centaur simulacrum (D:15)
  6 wyverns
  23 yaks
  A vampire (D:11)
  20 humans (D:13)
  5 wraiths
  5 basilisks
  8 steam dragons
  A redback (shapeshifter) (Gauntlet)
  A swamp worm (shapeshifter) (Gauntlet)
  A warg (Orc:1)
  41 nagas
  17 water moccasins
  An acid dragon (D:7)
  4 hell hounds (Lair:6)
  30 orc warriors
  3 ice beasts
  2 black bears
  2 sky beasts
  17 wolves
  7 ogres
  A boggart (D:13)
  7 centaurs
  2 kobold brigands
  13 bullfrogs
  A gnoll sergeant (D:10)
  4 scorpions
  2 necrophages
  12 wights
  6 electric eels
  5 howler monkeys
  9 lava snakes
  14 orc priests
  3 hounds
  16 jellies
  Crazy Yiuf (D:7)
  Natasha (thrice) (D:3)
  A gnoll shaman (D:9)
  2 iguanas
  22 orc wizards
  12 gnolls
  6 adders
  A shadow imp (D:7)
  2 white imps
  A worm (D:3)
  A dart slug (D:2)
  74 orcs
  10 endoplasms
  7 giant cockroaches
  10 goblins
  8 hobgoblins
  3 jackals (D:5)
  8 quokkas
  10 ball pythons
  5 bats
  4 frilled lizards
  21 kobolds
  8 rats
  A bush (Lair:6)
822 creatures vanquished.

Vanquished Creatures (collateral kills)
  Gastronok (Lair:2)
  A nagaraja (Snake:4)
  Aizul (Snake:4)
  A salamander tyrant (Snake:4)
  A hydra (Lair:6)
  An anaconda (Snake:4)
  A shock serpent (Snake:4)
  2 komodo dragons (Lair:6)
  A basilisk (Lair:6)
10 creatures vanquished.

Vanquished Creatures (others)
  A hell hound (Volcano)
  An electric eel (Lair:5)
  24 fungi
  33 plants
59 creatures vanquished.

Grand Total: 891 creatures vanquished

Notes
Turn   | Place    | Note
-------+----------+-------------------------------------------
     0 | D:1      | Dawnplanks the Hill Orc Berserker began the quest for the
                  | Orb.
     0 | D:1      | Reached XP level 1. HP: 19/19 MP: 1/1
   392 | D:1      | Reached XP level 2. HP: 17/27 MP: 2/2
   698 | D:1      | Found Guzabaete's General Store.
  1058 | D:1      | Reached skill level 5 in Axes
  1058 | D:1      | Reached XP level 3. HP: 33/33 MP: 3/3
  1490 | D:1      | Reached ** piety under Trog
  1964 | D:2      | Reached XP level 4. HP: 31/40 MP: 4/4
  2280 | D:2      | Reached skill level 6 in Axes
  2782 | D:3      | Got Nuowyng's Volume of the Enthralling Mountains
  3018 | D:3      | Reached XP level 5. HP: 47/47 MP: 5/5
  3119 | D:3      | Noticed Natasha
  3123 | D:3      | Reached *** piety under Trog
  3127 | D:3      | Killed Natasha
  3216 | D:3      | Identified the +2 leather armour of Subjectivity {rF+}
  3502 | D:3      | Noticed Natasha
  3515 | D:3      | Killed Natasha
  3516 | D:3      | Reached skill level 7 in Axes
  3796 | D:3      | Noticed Natasha
  3811 | D:3      | Killed Natasha
  3856 | D:4      | Reached XP level 6. HP: 52/53 MP: 6/6
  3922 | D:4      | Noticed a black bear
  3926 | D:4      | Killed a black bear
  3927 | D:4      | Reached skill level 8 in Axes
  3976 | D:4      | Reached XP level 7. HP: 60/60 MP: 7/7
  4041 | D:4      | Found a staircase to the Ecumenical Temple.
  4059 | D:4      | Reached skill level 5 in Fighting
  4059 | D:4      | Reached skill level 9 in Axes
  4126 | Temple   | Entered the Ecumenical Temple
  4535 | D:5      | Entered Level 5 of the Dungeon
  4952 | D:5      | Reached skill level 10 in Axes
  4952 | D:5      | Reached XP level 8. HP: 69/69 MP: 8/8
  5604 | D:6      | Reached skill level 11 in Axes
  5643 | D:6      | Reached **** piety under Trog
  5966 | D:7      | Reached skill level 12 in Axes
  5966 | D:7      | Reached XP level 9. HP: 71/75 MP: 9/9
  6261 | D:7      | Found a runed translucent door.
  6262 | D:7      | Noticed Crazy Yiuf
  6299 | D:7      | Killed Crazy Yiuf
  6300 | D:7      | Reached skill level 13 in Axes
  6722 | D:7      | Found a hazy altar of Hepliaklqana.
  6957 | D:8      | Reached skill level 14 in Axes
  6960 | D:8      | Reached skill level 5 in Armour
  7212 | D:8      | Identified the +3 hand axe of Living Tender Mercy {pain,
                  | Str+2 Dex+2}
  7650 | D:9      | Noticed a gargoyle
  7659 | D:9      | Killed a gargoyle
  7660 | D:9      | Reached skill level 15 in Axes
  7660 | D:9      | Reached XP level 10. HP: 86/86 MP: 10/10
  8169 | D:9      | Identified the +3 falchion of Subjectivity {elec, *Rage
                  | +Blink rElec rF-}
  8215 | D:10     | Entered Level 10 of the Dungeon
  8221 | D:10     | Noticed a gargoyle
  8231 | D:10     | Killed a gargoyle
  8232 | D:10     | Reached skill level 16 in Axes
  8326 | D:10     | Noticed a tengu warrior
  8348 | D:10     | Killed a tengu warrior
  8471 | D:10     | Noticed a death yak
  8471 | D:10     | Noticed a death yak
  8473 | D:10     | Found a staircase to the Lair.
  8473 | D:10     | Noticed a death yak
  8483 | D:10     | Killed a death yak
  8484 | D:10     | Reached skill level 17 in Axes
  8485 | D:10     | Killed a death yak
  8486 | D:10     | Reached XP level 11. HP: 41/95 MP: 11/11
  8489 | D:10     | Killed a death yak
  8532 | D:10     | Found a flagged portal.
  8536 | D:10     | Reached skill level 18 in Axes
  8553 | Bailey   | Entered a bailey
  8932 | Bailey   | Noticed an orc knight
  8948 | Bailey   | Killed an orc knight
  8949 | Bailey   | Reached skill level 5 in Dodging
  8998 | D:10     | Acquired the +7 battleaxe "Ereq" {freeze, rC+ Int+4}
  9372 | D:10     | Noticed a two-headed ogre
  9377 | D:10     | Killed a two-headed ogre
  9612 | Lair:1   | Entered Level 1 of the Lair of Beasts
  9991 | Lair:1   | Reached skill level 10 in Fighting
  9991 | Lair:1   | Reached skill level 20 in Axes
  9991 | Lair:1   | Reached XP level 12. HP: 107/107 MP: 12/12
 10458 | Lair:2   | Reached ***** piety under Trog
 10550 | Lair:2   | Found a staircase to the Snake Pit.
 10606 | Lair:2   | Noticed Erica
 10622 | Lair:2   | Killed Erica
 10623 | Lair:2   | Reached skill level 21 in Axes
 10801 | Lair:2   | Reached XP level 13. HP: 96/116 MP: 13/13
 10970 | Lair:2   | Noticed Gastronok
 10983 | Lair:2   | Killed Gastronok
 11550 | Lair:3   | Noticed Amaemon
 11559 | Lair:3   | Killed Amaemon
 12209 | Lair:4   | Found a dark tunnel.
 12230 | Volcano  | Entered a volcano
 12334 | Volcano  | Reached skill level 22 in Axes
 12375 | Volcano  | Noticed a fire dragon
 12388 | Volcano  | Killed a fire dragon
 12693 | Lair:4   | Found a staircase to the Shoals.
 13711 | Lair:5   | Reached XP level 14. HP: 128/129 MP: 14/14
 13985 | Lair:5   | Reached skill level 10 in Armour
 14526 | Lair:6   | Entered Level 6 of the Lair of Beasts
 14685 | Lair:6   | Found a runed translucent door.
 14690 | Lair:6   | Noticed SuisLittleHoshiymin's ghost (journeyman HuMo)
 14724 | Lair:6   | Killed SuisLittleHoshiymin's ghost
 14788 | Lair:6   | Found a staircase to the Slime Pits.
 15516 | Lair:6   | Found a large runed translucent door.
 15530 | Lair:6   | Received a gift from Trog
 15622 | Lair:6   | Reached skill level 23 in Axes
 15642 | Lair:6   | Found a large runed translucent door.
 16331 | D:11     | Found a staircase to the Orcish Mines.
 16391 | D:11     | Found a roughly hewn altar of Beogh.
 16627 | D:12     | Noticed Josephine
 16636 | D:12     | Killed Josephine
 16637 | D:12     | Reached skill level 15 in Fighting
 16897 | D:12     | Found a gate leading to a gauntlet.
 16903 | Gauntlet | Entered a Gauntlet
 16903 | Gauntlet | Found a transporter.
 16911 | Gauntlet | Found a transporter.
 16913 | Gauntlet | Found a transporter.
 16924 | Gauntlet | Found a transporter.
 16926 | Gauntlet | Found a transporter.
 16935 | Gauntlet | Found a transporter.
 16948 | Gauntlet | Found a runed translucent door.
 16950 | Gauntlet | Found a transporter.
 16961 | Gauntlet | Found a transporter.
 16971 | Gauntlet | Found a transporter.
 16985 | Gauntlet | Found a transporter.
 16998 | Gauntlet | Found a transporter.
 16999 | Gauntlet | Found a transporter.
 17039 | Gauntlet | Found a transporter.
 17056 | Gauntlet | Found a runed translucent door.
 17066 | Gauntlet | Found a transporter.
 17069 | Gauntlet | Found a runed translucent door.
 17379 | Gauntlet | Reached XP level 15. HP: 134/141 MP: 15/15
 17390 | Gauntlet | Identified the ring "Tizxutuo" {rElec rF+ rC+ Dex+6}
 17428 | Gauntlet | Identified the +0 helmet of the Fife {rC+}
 17442 | Gauntlet | Identified the +6 war axe "Saradgh" {pain, Fly}
 17442 | Gauntlet | Identified the +1 acid dragon scales of Gallantry {Harm
                  | rPois rCorr Int+4 Stlth+}
 17442 | Gauntlet | Identified the ring "Nilegrix" {rPois Int+6}
 17471 | Gauntlet | Got Zetook's Collected Works on Shape Shifting
 17477 | Gauntlet | Identified the +0 ring mail "Pegiray" {rPois rF- Regen+
                  | Int+8}
 17781 | D:12     | Noticed Rupert
 17795 | D:12     | Killed Rupert
 17963 | D:12     | Noticed Nessos
 17981 | D:12     | Killed Nessos
 18339 | Orc:1    | Entered Level 1 of the Orcish Mines
 18427 | Orc:2    | Entered Level 2 of the Orcish Mines
 18427 | Orc:2    | Noticed Maurice
 18441 | Orc:2    | Killed Maurice
 18699 | Orc:2    | Received a gift from Trog
 18826 | Orc:2    | Found a staircase to the Elven Halls.
 18937 | Orc:2    | Paralysed by an orc sorcerer for 3 turns
 19086 | Orc:2    | Reached ****** piety under Trog
 19107 | Orc:2    | Found Myanior's Weapon Emporium.
 19107 | Orc:2    | Found Qaninaol's Weapon Boutique.
 19171 | Orc:2    | Found Semoech's General Store.
 19171 | Orc:2    | Found Dojo's Antique Weapon Boutique.
 19385 | D:13     | Found the +8 arc blade {discharge, rElec}
 19389 | D:13     | Found a runed translucent door.
 19404 | D:13     | Reached skill level 24 in Axes
 19443 | D:13     | Identified the +11 morningstar of Makhleb's Favour {elec,
                  | rF++}
 19758 | D:13     | Found a gate to the Vaults.
 20192 | D:13     | Noticed Erolcha
 20198 | D:13     | Killed Erolcha
 20230 | D:13     | Received a gift from Trog
 20495 | D:14     | Reached XP level 16. HP: 144/155 MP: 16/16
 20833 | D:15     | Entered Level 15 of the Dungeon
 20937 | D:15     | Found a staircase to the Depths.
 21117 | D:15     | Reached skill level 25 in Axes
 21321 | D:15     | Found Jagat's Magic Scroll Shoppe.
 21405 | D:15     | Found an opulent altar of Gozag.
 22070 | Orc:2    | Bought the ring "Dis Zaast" {rPois rC+ Dex+7} for 681 gold
                  | pieces
 22194 | Snake:1  | Entered Level 1 of the Snake Pit
 22290 | Snake:1  | Found Guoly's Antique Armour Shoppe.
 22298 | Snake:1  | Bought the +1 cloak of Starlight {*Dazzle EV+4 Stlth--} for
                  | 1067 gold pieces
 22298 | Snake:1  | Found the +1 cloak of Starlight {*Dazzle EV+4 Stlth--}
 22379 | Snake:1  | Found Bitimoyx's Jewellery Boutique.
 22575 | Snake:1  | Identified the +5 dagger of Noissi {pain, Str+8 Int+4}
 22625 | Snake:1  | Found Vowex's Jewellery Shoppe.
 22626 | Snake:1  | Found Jekhli's Armour Boutique.
 22626 | Snake:1  | Found Wehezew's Assorted Antiques.
 22627 | Snake:1  | Found Rizu Bau's Assorted Antiques.
 22836 | Snake:1  | Found Yziteloj's Weapon Shoppe.
 23178 | Snake:2  | Found Izeun's Armour Shop.
 23180 | Snake:2  | Found Rabliuw's Antique Weapon Shop.
 23180 | Snake:2  | Found Foj Fut's Jewellery Boutique.
 23240 | Snake:2  | Found Usofet's Antique Armour Boutique.
 23338 | Snake:2  | Found Meitoef's Antique Weapon Boutique.
 23339 | Snake:2  | Found Umior's Antique Weapon Shoppe.
 23506 | Snake:2  | Found Biteramp's Antique Armour Shop.
 23556 | Snake:2  | You fall into a shaft and drop 1 floor!
 23561 | Snake:3  | Received a gift from Trog
 23769 | Snake:3  | Found a shimmering blue altar of Sif Muna.
 24047 | Snake:2  | Reached XP level 17. HP: 166/168 MP: 17/17
 24081 | Snake:2  | Found Okloahue's Weapon Shop.
 24277 | Snake:2  | Found Gaaniv's Weapon Boutique.
 24840 | Snake:2  | Bought a pair of glowing gloves for 202 gold pieces
 24958 | Snake:3  | Received a gift from Trog
 25143 | Snake:3  | Found Gifaoradust's Book Shoppe.
 25144 | Snake:3  | Found Fiejom's Jewellery Boutique.
 25144 | Snake:3  | Found Zifay's Jewellery Boutique.
 25237 | Snake:3  | Reached skill level 26 in Axes
 25293 | Snake:3  | Identified the +2 robe "Raetz" {Dex+7 Slay+3}
 25825 | Snake:4  | Entered Level 4 of the Snake Pit
 25933 | Snake:4  | Received a gift from Trog
 26343 | Snake:4  | Noticed Aizul
 26357 | Snake:4  | Killed Aizul
 26388 | Snake:4  | HP: 10/258 [nagaraja/+0 club (4)]
 26390 | Snake:4  | HP: 4/258 [poisoned by a nagaraja (poison arrow)]
 26390 | Snake:4  | Constricted to death by a nagaraja

Illustrated notes

Levels and vault maps discovered:
D:1:      dpeg_arrival_tiny_c, layout_basic, serial_shops, shop,
          chequers_serial_rivers_micro_c
D:2:      layout_loops_ring
D:3:      layout_basic, fountainhead, uniq_natasha
D:4:      layout_loops_ring, minmay_temple_entry_drinking_statues
D:5:      layout_gridville
D:6:      layout_rooms, st_stairs_10
D:7:      layout_cave_pods, nicolae_hepliaklqana_hippocampus,
          uniq_crazy_yiuf_cottage
D:8:      layout_rooms, chequers_serial_rivers_micro_a
D:9:      layout_stronghold
D:10:     layout_loops_corners, dpeg_lair_monsters, enter_bailey_4, st_stairs_12
D:11:     layout_roguey, minmay_orc_entry_temple_small
D:12:     layout_basic, gauntlet_entry_generic, uniq_rupert, uniq_nessos,
          uniq_josephine
D:13:     layout_basic, grunt_vaults_entry_tiered, minmay_st_funbox,
          uniq_erolcha
D:14:     layout_big_octagon
D:15:     hangedman_depths_entry_civil_slaughter, layout_stronghold,
          serial_shops, nicolae_shop_hallway_stairs, grunt_gozag_statues
Temple:   mainiacjoe_temple_circle_huts
Lair:1:   layout_cave_pods, hangedman_lair_unloving_vines, grunt_megastairs_2
Lair:2:   layout_regular_city, minmay_snake_entry_six_corridors, uniq_gastronok,
          uniq_erica
Lair:3:   layout_chaotic_city, uniq_amaemon
Lair:4:   layout_gridlike, elwin_shoals_entry_stream,
          nicolae_volcano_entry_two_sided, minivault_26
Lair:5:   layout_regular_city, nicolae_lair_liquid_snakes, grunt_megastairs_5,
          infiniplex_staircase_pool_2, lemuel_fruit_fields
Lair:6:   cheibrodos_lair_end_hotspot, layout_gridlike,
          minmay_slime_entry_jelly_boxes, ebering_ghost_reflecting_pool,
          minmay_lair_oklob_items, nicolae_lair_yak_garden
Snake:1:  layout_cave_shapes, serial_shops, nicolae_shop_trees, shop, shop,
          st_stairs_10, nicolae_wooded_promenade
Snake:2:  layout_chambers, serial_shops, shop, shop, shop,
          nicolae_shop_competitors_out_of_business,
          nicolae_shop_bloodbath_and_beyond, lemuel_fruit_tree,
          minmay_shoptagon, grunt_megastairs_1, serial_bayou_shore_a
Snake:3:  layout_grid_maze, basic_altar, nicolae_snake_guarding_the_ruins,
          minmay_shop_grove
Snake:4:  snake_hunt, layout_cave_town, grunt_ministairs_3, st_stairs_3,
          uniq_aizul
Orc:1:    layout_caves, uniq_snorg
Orc:2:    grunt_orc_tribal_feast, layout_diamond_mine, uniq_maurice

Skill      XL: |  1  2  3  4  5  6  7  8  9 10 11 12 13 14 15 16 17 |
---------------+----------------------------------------------------+-----
Fighting       | 4 5 6 7 8 10 11 13 15 17 19 20 | 20.6
Axes           | 5 6 7 8 10 12 15 17 20 21 22 23 24 25 26 | 26.6
Dodging        | 2 3 4 5 6 7 8 9 |  9.0
Armour         | 3 4 5 7 8 9 11 12 13 | 13.6

Action                   |  1- 3 |  4- 6 |  7- 9 | 10-12 | 13-15 | 16-18 || total
-------------------------+-------+-------+-------+-------+-------+-------++-------
Melee: Hand axe          |   128 |   172 |    96 |       |       |       ||   396
       Punch             |       |     2 |     2 |       |     1 |       ||     5
       War axe           |       |       |   133 |       |       |       ||   133
       Battleaxe         |       |       |    57 |   303 |   838 |   511 ||  1709
       Mace              |       |       |       |       |    64 |       ||    64
       Morningstar       |       |       |       |       |       |    10 ||    10
Invok: Berserk           |       |     3 |     3 |     6 |    11 |     2 ||    25
       Trog's Hand       |       |       |     1 |     2 |     5 |     4 ||    12
       Brothers in Arms  |       |       |       |       |     4 |     4 ||     8
  Use: Scroll            |       |       |    12 |    14 |     7 |     1 ||    34
       Potion            |       |       |       |     2 |       |       ||     2
 Stab: Sleeping          |     1 |       |     1 |       |       |       ||     2
       Petrifying        |       |       |       |       |     1 |       ||     1
       Petrified         |       |       |       |       |     1 |       ||     1
       Invisible         |       |       |       |       |       |    23 ||    23
Armor: Animal skin       |    37 |    48 |       |       |       |       ||    85
       Leather armour    |       |    32 |    16 |       |    27 |       ||    75
       Ring mail         |       |       |    67 |       |       |       ||    67
       Steam dragon scal |       |       |    37 |    73 |       |       ||   110
       Scale mail        |       |       |       |    39 |   474 |   157 ||   670
Dodge: Dodged            |    81 |   102 |   167 |   177 |   470 |   407 ||  1404

Table legend: (Time is in decaauts)
 A = Elapsed time spent in this place.
 B = Non-inter-level travel time spent in this place.
 C = Inter-level travel time spent in this place.
 D = Time resting spent in this place.
 E = Time spent auto-exploring this place.
 F = Levels seen in this place.
 G = Mean time per level.
                   A        B        C        D        E       F      G
               +--------+--------+--------+--------+--------+-----+--------+
         Total |  26212 |  24186 |   2026 |    703 |  18176 |  31 |  845.5 |
       Dungeon |  13778 |  12344 |   1434 |    118 |   9643 |  15 |  918.5 |
        Temple |      1 |      1 |      0 |      0 |      0 |   1 |    1.0 |
          Lair |   5873 |   5564 |    309 |     55 |   4570 |   6 |  978.8 |
     Snake Pit |   4140 |   3973 |    167 |    300 |   2873 |   4 | 1035.0 |
  Orcish Mines |    962 |    847 |    115 |     95 |    490 |   2 |  481.0 |
        Bailey |    489 |    489 |      0 |    133 |    157 |   1 |  489.0 |
       Volcano |    320 |    320 |      0 |      0 |    184 |   1 |  320.0 |
      Gauntlet |    647 |    647 |      0 |      0 |    258 |   1 |  647.0 |
               +--------+--------+--------+--------+--------+-----+--------+

Top non-repeatable levels by time:
 Snake:2: 1584 daAuts
     D:1: 1570 daAuts
     D:3: 1305 daAuts
  Lair:6: 1229 daAuts
    D:12: 1116 daAuts
    D:13: 1115 daAuts
 Snake:3: 1111 daAuts
  Lair:2: 1079 daAuts
  Lair:5: 1072 daAuts
    D:15: 1042 daAuts
     D:7: 1025 daAuts
    D:10: 1012 daAuts
     D:2: 963 daAuts
  Lair:4: 939 daAuts
 Snake:1: 885 daAuts
